 Dungeon Crawl Stone Soup version 0.25-a0-189-gf71692caf1 (webtiles) character file.

Game seed: 1727017674779577009, levelgen mode: classic

177 EnegeticOcto the Covered (level 5, 0/49 HPs)
             Began as a Deep Dwarf Fighter on Nov 29, 2019.
             Slain by Blork the orc
             ... wielding a +0 dire flail
              (3 damage)
             ... on level 5 of the Dungeon.
             The game lasted 00:01:14 (1742 turns).

EnegeticOcto the Covered (Deep Dwarf Fighter)       Turns: 1742, Time: 00:01:15

Health: 0/49       AC:  7    Str: 20    XL:     5   Next: 30%
Magic:  4/4        EV:  8    Int:  9    God:
Gold:   218        SH:  9    Dex:  9    Spells: 4/4 levels left

rFire    . . .     SeeInvis .   g - +0 hand axe (chop)
rCold    . . .     Gourm    .   c - +0 shield
rNeg     . . .     Faith    .   b - +0 scale mail
rPois    .         Spirit   .   (no helmet)
rElec    .         Reflect  .   (no cloak)
rCorr    .         Harm     .   (no gloves)
MR       .....                  (no boots)
Stlth    ..........             (no amulet)
HPRegen  0.00/turn              o - -3 ring of dexterity (curse)
MPRegen  0.09/turn              (no ring)

@: lethally poisoned (0 -> 0), non-regenerating
A: damage resistance, heal wounds, sense surroundings 1, no regeneration
a: Heal Wounds


You were on level 5 of the Dungeon.
You were not hungry.

You visited 1 branch of the dungeon, and saw 4 of its levels.

You collected 218 gold pieces.

Inventory:

Hand Weapons
 a - a +0 war axe
 g - a +0 hand axe of chopping (weapon)
Armour
 b - a +0 scale mail (worn)
 c - a +0 shield (worn)
Jewellery
 o - a cursed -3 ring of dexterity (left hand)
Scrolls
 f - 3 scrolls of teleportation {unknown}
 h - 2 scrolls of fear {unknown}
 j - 3 scrolls of enchant weapon {unknown}
 k - 5 scrolls of identify {unknown}
 l - 2 scrolls of enchant armour {unknown}
 q - a scroll of amnesia {unknown}
 r - a scroll of remove curse {unknown}
 t - a scroll of blinking {unknown}
Potions
 d - 2 potions of might {@q3}
 i - a potion of brilliance {unknown}
 m - a potion of haste {@q4}
 n - 3 potions of curing {unknown}
 p - 2 potions of flight {unknown}
 u - a potion of lignification {unknown}
Comestibles
 e - 4 rations
 s - 8 chunks of flesh


   Skills:
 + Level 3.2 Fighting
 * Level 3.9 Axes
 + Level 4.0 Armour
 + Level 2.1 Dodging
 + Level 4.0 Shields


You had 4 spell levels left.
You didn't know any spells.
Your spell library was empty.

Dungeon Overview and Level Annotations

Branches:
Dungeon (3/15)

Altars:
Ashenzari
Hepliaklqana
Ru

Annotations:
D:5 Blork the orc


Innate Abilities, Weirdness & Mutations

You are resistant to damage.
You can heal yourself by infusing magical energy.
You passively map a small area around you.
You do not regenerate.


Message History

The adder bites you but does no damage.
The shadow imp grinds its teeth.
The shadow imp barely misses you.
You completely miss the adder.
The adder is almost dead.
You hit the shadow imp. You hit Blork the orc.
Blork the orc hits you with a +0 dire flail.
You block the adder's attack. You block the shadow imp's attack.
You closely miss the adder.
The adder is almost dead.
You hit Blork the orc. You closely miss the shadow imp.
Blork the orc looks braver for a moment.
You block the adder's attack. The shadow imp misses you. The adder bites you.
You are poisoned.
The adder poisons you!
Blork the orc hits you with a +0 dire flail!
* * * LOW HITPOINT WARNING * * *
You are too injured to fight recklessly!
You are too injured to fight recklessly!
You are too injured to fight recklessly!
You are too injured to fight recklessly!
You are too injured to fight recklessly!
You are too injured to fight recklessly!
You are too injured to fight recklessly!
You are too injured to fight recklessly!
You are too injured to fight recklessly!
You are too injured to fight recklessly!
You are too injured to fight recklessly!
You are too injured to fight recklessly!
You are too injured to fight recklessly!
You are too injured to fight recklessly!
Your magical essence is drained by the effort!
You feel much better. The shadow imp hits you. You block the adder's attack.
You slash the adder!
You kill the adder!
Your Shields skill increases to level 4!
You hit Blork the orc but do no damage. You barely miss the shadow imp.
Blork the orc gestures at you while chanting.
The magic dart hits you. The shadow imp hits you.
Blork the orc hits you but does no damage.
You closely miss the shadow imp.
The shadow imp is severely wounded.
You hit Blork the orc. You block the shadow imp's attack.
Blork the orc hits you with a +0 dire flail.
You slash the shadow imp!
You kill the shadow imp!
You hit Blork the orc.
Blork the orc gestures wildly while chanting.
Blork the orc seems to speed up.
You closely miss Blork the orc.
Blork the orc is heavily wounded.
Blork the orc hits you with a +0 dire flail.
Blork the orc hits you but does no damage.
Some of the chunks of flesh in your inventory have rotted away.
You hit Blork the orc.
Blork the orc is severely wounded.
Blork the orc casts a spell at you. The puff of flame hits you!
You hit Blork the orc.
Blork the orc is almost dead.
Blork the orc barely misses you.
Blork the orc points at you and mumbles some strange words.
The magic dart hits you.
You closely miss Blork the orc.
Blork the orc is almost dead.
Blork the orc misses you.
You hit Blork the orc.
Blork the orc is almost dead.
Blork the orc points at you and mumbles some strange words.
The puff of flame hits you. You block Blork the orc's attack.
You closely miss Blork the orc.
Blork the orc is almost dead.
Blork the orc gestures wildly while chanting.
Blork the orc flickers and vanishes!
Deactivating autopickup; reactivate with Ctrl-A.
Something hits you.
You are too injured to fight recklessly!
You are too injured to fight recklessly!
You are too injured to fight recklessly!
You are too injured to fight recklessly!
You are too injured to fight recklessly!
You are too injured to fight recklessly!
You are too injured to fight recklessly!
You are too injured to fight recklessly!
You are too injured to fight recklessly!
You are too injured to fight recklessly!
You are too injured to fight recklessly!
You are too injured to fight recklessly!
You are too injured to fight recklessly!
There is a strange disturbance nearby!
You hit something but do no damage. Something hits you!
* * * LOW HITPOINT WARNING * * *
You barely miss something.
You hear some strange, mumbled words.
A magic dart appears from out of thin air!
The magic dart hits you. Something hits you.
You closely miss something. Something hits you!
* * * LOW HITPOINT WARNING * * *
You miss something. Something hits you.
You die...

##########........#.###
......................#
####.....#####.#.#.#.#
#.....# #.#.#.#.#####
#.._..# #.#..........
#.....#####...#.#.####*
#......................
#.##..#######.#........
** #.
.........@.....#.###, *
#. ..##...†{.......# *
......##.....#.#* *
.....? .......... ,
..#.# #......... . #. *
......... , , , , #
......... , * ....##. ,
,


There were no monsters in sight!

Vanquished Creatures
  A jelly (D:3)
  Jessica (D:2)
  6 adders
  A shadow imp (D:5)
  2 worms (D:2)
  2 dart slugs
  3 leopard geckos
  An orc (D:3)
  A ball python (D:3)
  5 bats
  4 giant cockroaches
  4 hobgoblins
  6 kobolds
  A quokka (D:5)
  5 frilled lizards
  4 goblins
  6 rats
53 creatures vanquished.

Notes
Turn   | Place    | Note
-------+----------+-------------------------------------------
     0 | D:1      | EnegeticOcto the Deep Dwarf Fighter began the quest for the
                  | Orb.
     0 | D:1      | Reached XP level 1. HP: 20/20 MP: 1/1
   196 | D:1      | Reached XP level 2. HP: 27/27 MP: 2/2
   805 | D:2      | Found a sacrificial altar of Ru.
   912 | D:2      | Reached skill level 1 in Dodging
  1114 | D:2      | Reached XP level 3. HP: 28/33 MP: 3/3
  1163 | D:2      | Found a hazy altar of Hepliaklqana.
  1169 | D:2      | Noticed Jessica
  1178 | D:2      | Killed Jessica
  1178 | D:2      | Reached XP level 4. HP: 42/42 MP: 4/4
  1510 | D:3      | Reached XP level 5. HP: 47/49 MP: 5/5
  1694 | D:3      | You fall into a shaft and drop 2 floors!
  1694 | D:5      | Entered Level 5 of the Dungeon
  1694 | D:5      | Found a shattered altar of Ashenzari.
  1720 | D:5      | Noticed Blork the orc
  1742 | D:5      | Slain by Blork the orc

Levels and vault maps discovered:
D:1:      dpeg_arrival_solitude, layout_loops_ring
D:2:      layout_basic, hangedman_ru_absence, lemuel_doored_altar, first_ration,
          roderic_serpentine_path, uniq_jessica
D:3:      layout_basic, minmay_box_of_dots
D:5:      layout_basic, basic_altar, hangedman_abyss_or_decor_passed,
          serial_bayou_ford_a, uniq_crazy_yiuf_cottage, uniq_prince_ribbit1,
          uniq_edmund, uniq_blork_the_orc, uniq_sigmund

Skill      XL: |  1  2  3  4  5 |
---------------+----------------+-----
Dodging        | 1 2 |  2.1
Axes           | 3 |  3.9
Fighting       | 3 |  3.2
Armour         | 4 |  4.0
Shields        | 4 |  4.0

Action                   |  1- 3 |  4- 6 || total
-------------------------+-------+-------++-------
Melee: Hand axe          |    86 |   107 ||   193
       War axe           |     6 |       ||     6
 Abil: Heal Wounds       |     1 |     2 ||     3
  Eat: Chunk             |     1 |     2 ||     3
Armor: Scale mail        |    26 |    55 ||    81
Dodge: Dodged            |    23 |    31 ||    54
Block: Shield            |    36 |    61 ||    97

Table legend:
 A = Non-vault XP
 B = Vault XP
 C = Vault XP percentage of total XP
 D = Non-vault monster count
 E = Vault monster count
 F = Vault count percentage of total count
                 A         B        C        D         E       F
            +---------+---------+-------+---------+---------+-------
      Total |     172 |      81 |  32.0 |      50 |       3 |   5.7
            +---------+---------+-------+---------+---------+-------
        D:1 |      24 |       0 |   0.0 |      15 |       0 |   0.0
        D:2 |      60 |      37 |  38.1 |      16 |       1 |   5.9
        D:3 |      62 |      44 |  41.5 |      16 |       2 |  11.1
        D:5 |      26 |       0 |   0.0 |       3 |       0 |   0.0
            +---------+---------+-------+---------+---------+-------
